 Dungeon Crawl Stone Soup version 0.30.0-16-gbe6223bb7e (webtiles) character file.

Game seed: 12275843110588080221

51 bmack86 the Grave Robber (level 3, -2/24 HPs)
             Began as a Merfolk Necromancer on May 21, 2023.
             Slain by a hobgoblin (4 damage)
             ... led by Robin
             ... on level 3 of the Dungeon.
             The game lasted 00:11:00 (1810 turns).

bmack86 the Grave Robber (Merfolk Necromancer)      Turns: 1810, Time: 00:11:01

Health: -2/24      AC:  4    Str:  8    XL:     3   Next: 81%
Magic:  1/6        EV: 13    Int: 16    God:
Gold:   98         SH:  0    Dex: 14    Spells: 3/7 levels left

rFire   + . .        k - +0 sling
rCold   + . .        (no shield)
rNeg    . . .        a - +0 robe
rPois   +            e - +0 helmet
rElec   +            (no cloak)
rCorr   +            m - +0 pair of gloves
SInv    .            (no boots)
Will    .....        (no amulet)
Stlth   ++           (no ring)
HPRegen 0.24/turn    (no ring)
MPRegen 0.10/turn

%: no passive effects
@: resistant
A: (nimble swimmer 2), mertail
a: no special abilities


You were on level 3 of the Dungeon.
You visited 1 branch of the dungeon, and saw 3 of its levels.

You collected 122 gold pieces.
You spent 24 gold pieces at shops.

Inventory:

Hand Weapons
 b - a +0 whip
 k - a +0 sling (weapon)
Missiles
 n - 2 boomerangs
Armour
 a - a +0 robe (worn)
 e - a +0 helmet (worn)
 m - a +0 pair of gloves (worn)
Magical Staves
 f - a staff of fire
Scrolls
 c - a scroll of noise
 d - a scroll of immolation {unknown}
 g - a scroll of magic mapping {unknown}
 h - 2 scrolls of enchant armour {unknown}
 i - 3 scrolls of teleportation {unknown}


   Skills:
 + Level 0.8 Ranged Weapons
 - Level 3.2 Dodging
 - Level 2.6 Stealth
 + Level 2.5 Spellcasting
 + Level 3.6 Necromancy


You had 3 spell levels left.
You knew the following spells:

 Your Spells              Type           Power      Damage    Failure   Level
a - Necrotise             Necr           52%        1d6       4%          1
b - Vampiric Draining     Necr           13%        2d6       13%         3

Your spell library contained the following spells:

 Spells                   Type           Power      Damage    Failure   Level
 Sting                    Tmut/Pois      8%         1d3       21%         1
 Poisonous Vapours        Pois/Air       4%         N/A       30%         2
 Animate Dead             Necr           13%        N/A       41%         4
 Agony                    Necr           13%        N/A       77%         5
 Olgreb's Toxic Radiance  Pois           2%         N/A       89%         4


Dungeon Overview and Level Annotations

Branches:
Dungeon (3/15)

Altars:

Shops:
D:1 ?


Innate Abilities, Weirdness & Mutations

((You are very nimble when in or above water. (Stealth+, EV+, Speed+++)))
Your lower body shifts to a powerful aquatic tail in water.


Message History

Casting: Necrotise (safe; 4% risk of failure)
Confirm with . or Enter, or press ? or * to list all spells.
Aiming: Necrotise (safe; 4% risk of failure)
Press: ? - help, Shift-Dir - straight line, f/p - hobgoblin
Aim: a hobgoblin (strong, chance to affect: 83%)
The hobgoblin barely resists.
Robin misses the goblin.
The goblin misses you. The hobgoblin hits you. The goblin barely misses you.
The hobgoblin misses you. The goblin hits you but does no damage.
Unknown command.
It was a potion of curing.
You feel better.
Robin closely misses the goblin.
The goblin closely misses you. The hobgoblin misses you.
The hobgoblin barely misses you. The goblin hits you with a +0 club. x2
It was a potion of resistance.
You feel protected. The goblin closely misses you.
The goblin hits you but does no damage. The hobgoblin barely misses you.
Robin hits the goblin.
The goblin barely misses you. The hobgoblin barely misses you.
You shoot a sling bullet.
The sling bullet barely misses the goblin.
The goblin barely misses you.
The hobgoblin hits you but does no damage.
The goblin hits you but does no damage. The goblin closely misses you.
The hobgoblin barely misses you.
Robin barely misses the goblin.
You shoot a sling bullet. The sling bullet hits the goblin.
You kill the goblin!
The hobgoblin hits you. The hobgoblin barely misses you.
The goblin hits you but does no damage. The goblin hits you with a +0 club.
* * * LOW HITPOINT WARNING * * *
Robin barely misses the goblin.
You shoot a sling bullet.
The sling bullet barely misses the goblin.
The sling bullet hits the hobgoblin but does no damage.
The hobgoblin hits you.
* * * LOW HITPOINT WARNING * * *
The hobgoblin closely misses you. The goblin closely misses you.
The goblin hits you with a +0 club.
* * * LOW HITPOINT WARNING * * *
Robin hits the goblin.
The hobgoblin misses you. The goblin completely misses you.
The hobgoblin hits you.
You die...

##########
#?.......####
#............
#............
#..g)........
#@g.......
###gg.......
#.Zg..##..#
#.#.### .
#.#)# . #.)
.. .!.. ..
..... ...
.......


You could see 3 hobgoblins, 2 goblins and the friendly Robin the hobgoblin
skeleton.

Vanquished Creatures
  Robin (D:3)
  An adder (D:2)
  2 bats
  4 endoplasms
  3 giant cockroaches
  7 goblins
  2 hobgoblins
  A ball python (D:2)
  5 kobolds
  2 rats
28 creatures vanquished.

Notes
Turn   | Place    | Note
-------+----------+-------------------------------------------
     0 | D:1      | bmack86 the Merfolk Necromancer began the quest for the
                  | Orb.
     0 | D:1      | Reached XP level 1. HP: 13/13 MP: 3/3
   370 | D:1      | Reached XP level 2. HP: 19/19 MP: 3/5
   547 | D:1      | Found Seqamamp's Magic Scroll Boutique.
   553 | D:1      | Bought a scroll of identify for 24 gold pieces
  1447 | D:2      | Reached XP level 3. HP: 24/24 MP: 2/6
  1457 | D:2      | Learned a level 3 spell: Vampiric Draining
  1695 | D:3      | Noticed Robin
  1802 | D:3      | Killed Robin
  1810 | D:3      | Slain by a hobgoblin

Illustrated notes

Levels and vault maps discovered:
D:1:      spicycebolla_arrival_ecumenical, layout_loops_ring, serial_shops,
          nicolae_shop_back_alley_shop, minmay_bisected
D:2:      layout_loops_ring
D:3:      layout_rooms, uniq_robin

Skill      XL: |  1  2 |
---------------+-------+-----
Dodging        | 3 |  3.2
Ranged Weapons | |  0.8
Stealth        | |  2.6
Spellcasting   | |  2.5
Necromancy     | |  3.6

Action                     || total
---------------------------++-------
  Melee: Staff             ||     7
         Unarmed           ||     1
   Fire: Sling             ||    10
   Cast: Necrotise         ||    52
    Use: Potion            ||     3
         Scroll            ||     1
 Armour: Robe              ||    19
  Dodge: Dodged            ||    55
